 Dungeon Crawl Stone Soup version 0.20.0-8-g6b59dc7 (webtiles) character file.

22331 pyth0n the Cleaver (level 12, 0/81 HPs)
             Began as a Demonspawn Abyssal Knight on May 30, 2017.
             Was the Champion of Lugonu.
             Slain by a catoblepas (7 damage)
             ... on level 15 of the Dungeon.
             The game lasted 01:29:39 (21021 turns).

pyth0n the Cleaver (Demonspawn Abyssal Knight)     Turns: 21021, Time: 01:29:40

Health: 0/81       AC: 27    Str: 16    XL:     12   Next: 62%
Magic:  13/13      EV:  2    Int: 14    God:    Lugonu [******]
Gold:   519        SH:  0    Dex: 12    Spells: 11/11 levels left

rFire    . . .     SeeInvis +   s - +1 war axe
rCold    + . .     Gourm    .   D - +2 shield
rNeg     + + +     Faith    .   C - +4 scale mail
rPois    ∞         Spirit   .   Z - +1 helmet
rElec    .         Reflect  +   K - scarf {repulsion}
rCorr    .         Harm     .   (no gloves)
MR       .....                  (boots unavailable)
Stlth    ++........             e - +3 amulet of reflection
Regen    0.7/turn               w - ring of protection from cold
MPRegen  0.2/turn               y - ring of see invisible

@: petrified, sanguine armour, repel missiles
A: fangs 1, talons 3, camouflage 1, blurry vision 1, clumsy 1, demonic guardian
2, nightstalker 1, regeneration 1, sanguine armour 3
a: Depart the Abyss, Bend Space, Banish, Corrupt, Enter the Abyss, Brand Weapon
With Distortion, Renounce Religion


You were on level 15 of the Dungeon.
You worshipped Lugonu.
Lugonu was exalted by your worship.
You were very hungry.

You visited 2 branches of the dungeon, and saw 16 of its levels.
You visited the Abyss 1 time.
You visited 1 bazaar.

You collected 1157 gold pieces.
You spent 638 gold pieces at shops.

Inventory:

Hand Weapons
 h - a +0 broad axe
 r - a +3 scimitar of flaming
 s - a +1 war axe (weapon)
Armour
 C - a +4 scale mail (worn)
 D - a +2 shield (worn)
 K - a scarf of repulsion (worn)
 Z - a +1 helmet (worn)
Jewellery
 e - a +3 amulet of reflection (around neck)
 n - an uncursed amulet of harm {unknown}
 v - an uncursed ring of fire {unknown}
 w - a ring of protection from cold (left hand)
 y - a ring of see invisible (right hand)
Wands
 g - a wand of acid (7/15)
Scrolls
 f - 6 scrolls of identify
 j - a scroll of summoning
 q - 8 scrolls of remove curse
 x - a scroll of amnesia
 z - 3 scrolls of magic mapping
 A - a scroll of holy word {unknown}
 E - a scroll of enchant weapon
 G - 2 scrolls of teleportation
 O - a scroll of enchant armour
 S - 2 scrolls of recharging
 W - a scroll of vulnerability {unknown}
 Y - 3 scrolls of fear {unknown}
Potions
 k - 3 potions of curing
 l - 4 potions of brilliance
 m - a potion of agility
 t - a potion of invisibility
 B - 2 potions of flight {unknown}
 I - 4 potions of ambrosia {unknown}
 L - a potion of resistance
 N - a potion of heal wounds
 P - 3 potions of haste
 Q - a potion of lignification {unknown}
Miscellaneous
 T - a sack of spiders
Comestibles
 c - 11 bread rations
 d - 7 meat rations
 F - 4 royal jellies
 J - 8 fruits


   Skills:
 - Level 3.0 Fighting
 + Level 12.6 Axes
 + Level 10.6 Armour
 - Level 9.0 Dodging
 + Level 5.6 Shields
 - Level 2.4 Invocations


You had 11 spell levels left.
You didn't know any spells.

Dungeon Overview and Level Annotations

Branches:
Dungeon (15/15)            Temple (0/1) D:7            Lair (1/6) D:10
    Orc (0/2) D:11         Vaults (0/5) D:13
 Depths: D:15

Altars:
Xom
Beogh

Shops:
D:6 [   D:7 *   D:11 ([   D:13 }

Portals:
Trove: D:10 (give +3 fire dragon scales)

Annotations:
D:4 Kriby's ghost, amateur MiBe
D:12 1 runed door
Lair:1 exclusion: oklob plant


Innate Abilities, Weirdness & Mutations

You have claws for feet.
A demonic guardian rushes to your aid.
You are slightly more attuned to the shadows.
When seriously injured, your bleeding wounds create very thick armour. (AC +12)
You have very sharp teeth.
Your skin changes colour to match your surroundings (Stealth+).
Scrolls take you a little longer to read.
You are clumsy. (Dex -2)
Your natural rate of healing is unusually fast.


Message History

The catoblepas breathes a plume of calcifying dust at you.
The blast of calcifying dust hits you! The catoblepas gores you!!
* * * LOW HITPOINT WARNING * * *
Your limbs are stiffening.
You hit the catoblepas but do no damage.
The catoblepas is almost dead.
The catoblepas gores you!!
* * * LOW HITPOINT WARNING * * *
You have turned to stone.
The catoblepas breathes a plume of calcifying dust at you.
The blast of calcifying dust hits you!
The blast of calcifying dust hits your soul eater.
You are engulfed in calcifying dust.
The catoblepas gores you but does no damage.
Your soul eater is engulfed in calcifying dust.
Your soul eater is moving more slowly.
You are engulfed in calcifying dust.
The catoblepas seems less drained.
The catoblepas gores you!
You die...

.... #..# #..#
#..### #....#
#<##.# #.##§## #
#.##...†.##.#
#......Y@3§.#
#######([#########
#......C...Y.
##..!........
############


You could see a catoblepas and a friendly soul eater (petrifying).

Vanquished Creatures
  2 hydras (D:13)
  2 two-headed ogres
  Erica (D:9)
  2 unseen horrors (D:13)
  A cyclops (D:15)
  An ugly thing (D:12)
  8 trolls
  3 hippogriffs
  3 shadows
  A wyvern (D:12)
  4 wraiths
  A human (D:7)
  4 yaks (D:13)
  3 hogs (D:7)
  A steam dragon (D:10)
  The ghost of Nightblair the Spear-Bearer, an amateur MfGl (D:3)
  2 hungry ghosts
  A porcupine (D:10)
  2 ice beasts
  A black bear (D:9)
  7 orc warriors
  4 phantoms
  2 sky beasts
  3 eyes of draining (D:13)
  3 ogres
  6 centaurs
  A crocodile (D:7)
  Blork the orc (D:5)
  17 bullfrogs
  3 scorpions (D:10)
  3 killer bees (D:13)
  8 wights
  2 electric eels (D:12)
  2 howler monkeys
  9 crimson imps
  A bullfrog zombie (D:11)
  2 jellies
  6 orc priests
  7 hounds
  13 orc wizards
  2 bullfrog skeletons
  3 iguanas
  8 worker ants
  A hound zombie (D:9)
  2 hound skeletons
  A howler monkey skeleton (D:9)
  8 adders
  6 shadow imps
  2 oozes (D:1)
  4 adder zombies
  An adder skeleton (D:6)
  A worm (D:4)
  A dart slug (D:3)
  3 leopard geckos
  72 orcs
  2 giant cockroaches
  4 goblins
  5 hobgoblins
  2 jackals
  6 kobolds
  4 quokkas
  4 bats
  3 frilled lizards
  A leopard gecko skeleton (D:6)
  2 quokka skeletons (D:5)
  A quokka zombie (D:13)
  3 rats
  A plant (D:10)
297 creatures vanquished.

Vanquished Creatures (collateral kills)
  Nessos (D:13)
  Josephine (D:11)
  A hydra (D:13)
  A centaur warrior (D:13)
  3 two-headed ogres
  An unseen horror (D:12)
  A necromancer (D:13)
  A cyclops (D:11)
  A centaur zombie (D:10)
  2 centaur skeletons
  A komodo dragon (D:14)
  A troll (D:9)
  2 wyverns
  4 wraiths
  A hog (D:7)
  A water moccasin (D:7)
  An ogre (D:9)
  A bullfrog (D:10)
  A scorpion (D:6)
  2 wights
  2 crimson imps
  A hound (D:4)
  An orc priest (D:9)
  2 orc wizards
  A worker ant (D:6)
  6 orcs
41 creatures vanquished.

Vanquished Creatures (others)
  A hippogriff (D:12)
  3 vampire mosquitoes (D:12)
  A centaur zombie (D:12)
  18 fungi (D:10)
  6 plants (D:10)
29 creatures vanquished.

Grand Total: 367 creatures vanquished

Notes
Turn   | Place    | Note
-------+----------+-------------------------------------------
     0 | Abyss:1  | pyth0n the Demonspawn Abyssal Knight began the quest for the Orb.
     0 | Abyss:1  | Reached XP level 1. HP: 18/18 MP: 2/2
     4 | D:1      | Escaped the Abyss
    41 | D:1      | Reached skill level 2 in Axes
   391 | D:1      | Gained mutation: When seriously injured, your bleeding wounds create armour. (AC +12) [demonic ancestry]
   391 | D:1      | Reached XP level 2. HP: 23/24 MP: 3/3
   996 | D:2      | Reached skill level 3 in Axes
  1187 | D:2      | Reached skill level 1 in Dodging
  1239 | D:2      | Gained mutation: When seriously injured, your bleeding wounds create thick armour. (AC +12) [demonic ancestry]
  1239 | D:2      | Reached XP level 3. HP: 29/29 MP: 4/4
  1483 | D:3      | Reached ** piety under Lugonu
  2170 | D:3      | Noticed Nightblair's ghost (amateur MfGl)
  2201 | D:3      | Killed Nightblair's ghost
  2201 | D:3      | Reached skill level 4 in Axes
  2201 | D:3      | Gained mutation: A weak demonic guardian rushes to your aid. [demonic ancestry]
  2201 | D:3      | Reached XP level 4. HP: 9/35 MP: 5/5
  2201 | D:3      | Gained mutation: When seriously injured, your bleeding wounds create very thick armour. (AC +12) [demonic ancestry]
  2201 | D:3      | Reached XP level 5. HP: 11/41 MP: 6/6
  2761 | D:4      | Noticed Kriby's ghost (amateur MiBe)
  2772 | D:5      | Entered Level 5 of the Dungeon
  3328 | D:5      | Noticed Blork the orc
  3351 | D:5      | Killed Blork the orc
  3351 | D:5      | Gained mutation: You are slightly more attuned to the shadows. [demonic ancestry]
  3351 | D:5      | Reached XP level 6. HP: 29/47 MP: 3/7
  3972 | D:5      | Reached skill level 5 in Axes
  4314 | D:5      | Noticed a steam dragon
  4750 | D:6      | Reached XP level 7. HP: 37/52 MP: 5/8
  5441 | D:6      | Reached skill level 6 in Axes
  5646 | D:6      | Found Gawedd's Armour Shop.
  5649 | D:6      | Bought a +0 chain mail for 54 gold pieces
  5649 | D:6      | Bought a +2 hat for 192 gold pieces
  5814 | D:6      | Reached *** piety under Lugonu
  5955 | D:7      | Found Sissy's Assorted Antiques.
  5981 | D:7      | Found a staircase to the Ecumenical Temple.
  6089 | D:7      | Gained mutation: You have sharp toenails. [demonic ancestry]
  6089 | D:7      | Reached XP level 8. HP: 55/58 MP: 7/9
  6091 | D:7      | Noticed a hippogriff
  6099 | D:7      | Killed a hippogriff
  6099 | D:7      | Reached skill level 7 in Axes
  6628 | D:7      | Reached skill level 5 in Armour
  7121 | D:7      | Reached skill level 5 in Dodging
  7482 | D:7      | Reached skill level 8 in Axes
  7482 | D:7      | Reached XP level 9. HP: 54/63 MP: 8/10
  8343 | D:8      | Found a runed door.
  8372 | D:8      | Reached **** piety under Lugonu
  8641 | D:8      | Found a roughly hewn altar of Beogh.
  8688 | D:8      | Reached skill level 9 in Axes
  9495 | D:8      | Noticed a two-headed ogre
  9520 | D:8      | Killed a two-headed ogre
  9577 | D:9      | Noticed a troll
  9585 | D:9      | Noticed Erica
  9590 | D:9      | Killed a troll
  9611 | D:9      | Killed Erica
  9611 | D:9      | Gained mutation: You have razor-sharp toenails. [demonic ancestry]
  9611 | D:9      | Reached XP level 10. HP: 32/70 MP: 3/11
  9827 | D:9      | Reached skill level 10 in Axes
 11119 | D:9      | Noticed a two-headed ogre
 11129 | D:9      | Killed a two-headed ogre
 11148 | D:10     | Entered Level 10 of the Dungeon
 11378 | D:10     | Found a portal to a secret trove of treasure.
 11473 | D:10     | Noticed a two-headed ogre
 11489 | D:10     | Killed a two-headed ogre
 11967 | D:10     | Reached ***** piety under Lugonu
 12180 | D:10     | Reached XP level 11. HP: 75/75 MP: 12/12
 12471 | D:10     | Found a staircase to the Lair.
 12494 | Lair:1   | Entered Level 1 of the Lair of Beasts
 12494 | Lair:1   | Noticed an oklob plant
 12880 | D:11     | Noticed Josephine
 12880 | D:11     | Reached skill level 11 in Axes
 13793 | D:11     | Killed Josephine
 14145 | D:11     | Found Omelar's Weapon Emporium.
 14149 | D:11     | Found a staircase to the Orcish Mines.
 14161 | D:11     | Found Lotreime's Armour Emporium.
 14433 | D:11     | Noticed a two-headed ogre
 14471 | D:11     | Killed a two-headed ogre
 15207 | D:12     | Noticed an unseen horror
 15239 | D:12     | Killed an unseen horror
 15256 | D:12     | Found a flickering gateway to a bazaar.
 15265 | Bazaar   | Entered a bazaar
 15584 | Bazaar   | Found Zexaug's Antique Armour Boutique.
 15619 | Bazaar   | Found Joucoucs's Weapon Shoppe.
 15636 | Bazaar   | Found Najos's Distillery.
 15653 | Bazaar   | Found Amyhist's Antique Armour Emporium.
 15658 | Bazaar   | Bought a glowing shield for 112 gold pieces
 15694 | Bazaar   | Bought a potion of mutation for 96 gold pieces
 15694 | Bazaar   | Gained mutation: You expend magic power (3 MP) to strengthen your wands. [potion of mutation]
 15694 | Bazaar   | Gained mutation: Your mind is acute. (Int +2) [potion of mutation]
 15729 | Bazaar   | Bought an embroidered scarf for 184 gold pieces
 15863 | D:12     | Noticed a white ugly thing
 16549 | D:12     | Reached skill level 1 in Shields
 16557 | D:12     | Killed a white ugly thing
 16562 | D:12     | Gained mutation: Your spells are a little easier to cast, but a little less powerful. [mutagenic meat]
 16563 | D:12     | Gained mutation: You have very sharp teeth. [mutagenic meat]
 16564 | D:12     | Lost mutation: You expend magic power (3 MP) to strengthen your wands. [mutagenic meat]
 16565 | D:12     | Gained mutation: You are occasionally teleported next to monsters. [mutagenic meat]
 17200 | D:12     | Found a runed door.
 17200 | D:12     | Noticed a vampire knight
 17200 | D:12     | Noticed a phantasmal warrior
 17200 | D:12     | Noticed a frost giant
 17202 | D:12     | Noticed an ettin
 17202 | D:12     | Noticed an anaconda
 17202 | D:12     | Noticed a yaktaur captain
 17202 | D:12     | Noticed a shock serpent
 17938 | D:13     | Noticed an unseen horror
 17948 | D:13     | Killed an unseen horror
 18211 | D:13     | Found a shimmering altar of Xom.
 18238 | D:13     | Noticed a five-headed hydra
 18254 | D:13     | Killed a one-headed hydra
 18254 | D:13     | Reached skill level 12 in Axes
 18254 | D:13     | Gained mutation: A demonic guardian rushes to your aid. [demonic ancestry]
 18254 | D:13     | Reached XP level 12. HP: 55/81 MP: 1/13
 18425 | D:13     | Noticed a centaur warrior
 18436 | D:13     | Killed a centaur warrior
 18576 | D:13     | Noticed a six-headed hydra
 18586 | D:13     | Killed a one-headed hydra
 18586 | D:13     | Reached skill level 10 in Armour
 18748 | D:13     | Lost mutation: Your mind is acute. (Int +2) [potion of mutation]
 18748 | D:13     | Lost mutation: You are occasionally teleported next to monsters. [potion of mutation]
 18748 | D:13     | Lost mutation: Your spells are a little easier to cast, but a little less powerful. [potion of mutation]
 18748 | D:13     | Gained mutation: You are clumsy. (Dex -2) [potion of mutation]
 18748 | D:13     | Gained mutation: Your natural rate of healing is unusually fast. [potion of mutation]
 18748 | D:13     | Gained mutation: You have claws for feet. [potion of mutation]
 18986 | D:13     | Noticed an eight-headed hydra
 18990 | D:13     | Killed a seven-headed hydra
 19057 | D:13     | Found Fosek's Gadget Shoppe.
 19153 | D:13     | Noticed a two-headed ogre
 19166 | D:13     | Killed a two-headed ogre
 19619 | D:13     | Found a gate to the Vaults.
 19619 | D:13     | Noticed Nessos
 19642 | D:13     | Killed Nessos
 19837 | D:13     | Reached skill level 5 in Shields
 20016 | D:13     | Reached ****** piety under Lugonu
 20340 | D:14     | Gained mutation: Scrolls take you a little longer to read. [mutagenic meat]
 20341 | D:14     | Gained mutation: Your skin changes colour to match your surroundings (Stealth+). [mutagenic meat]
 20342 | D:14     | Lost mutation: Scrolls take you a little longer to read. [mutagenic meat]
 20343 | D:14     | Gained mutation: Scrolls take you a little longer to read. [mutagenic meat]
 20968 | D:15     | Entered Level 15 of the Dungeon
 20981 | D:15     | Noticed a catoblepas
 21013 | D:15     | HP: 2/81 [catoblepas (23)]
 21021 | D:15     | Slain by a catoblepas

Skill      XL: |  1  2  3  4  5  6  7  8  9 10 11 12 |
---------------+-------------------------------------+-----
Axes           | 2 3 4 5 6 8 9 10 12 | 12.6
Dodging        | 1 2 3 4 5 6 8 9 |  9.0
Armour         | 2 3 4 5 6 8 9 10 | 10.6
Shields        | 3 5 |  5.6
Fighting       | |  3.0
Invocations    | |  2.4

Action                   |  1- 3 |  4- 6 |  7- 9 | 10-12 || total
-------------------------+-------+-------+-------+-------++-------
Melee: Hand axe          |   105 |   114 |       |       ||   219
       War axe           |       |    27 |   420 |  1109 ||  1556
       Kick              |       |       |    69 |    89 ||   158
       Bite              |       |       |       |    54 ||    54
       Scimitar          |       |       |       |    21 ||    21
Throw: Throwing net      |       |       |     2 |       ||     2
Invok: Bend Space        |     1 |     1 |       |       ||     2
 Abil: Evoke Berserk Rag |       |       |       |     1 ||     1
Evoke: Wand              |       |       |       |     9 ||     9
  Use: Potion            |     1 |       |     8 |     6 ||    15
       Scroll            |       |     2 |    13 |     9 ||    24
 Stab: Sleeping          |       |     2 |       |     2 ||     4
       Distracted        |       |     1 |     2 |    10 ||    13
       Held in net/web   |       |       |     2 |       ||     2
  Eat: Chunk             |     2 |     3 |    11 |    31 ||    47
       Fruit             |     1 |     1 |     1 |     6 ||     9
       Royal jelly       |       |     2 |       |     5 ||     7
       Meat ration       |       |       |     1 |       ||     1
       Bread ration      |       |       |       |     1 ||     1
Armor: Leather armour    |    25 |    35 |     9 |       ||    69
       Ring mail         |       |       |    24 |       ||    24
       Chain mail        |       |       |   112 |       ||   112
       Scale mail        |       |       |   109 |   509 ||   618
Dodge: Dodged            |    60 |    89 |   238 |   584 ||   971
       Deflected         |       |       |       |     8 ||     8
Block: Shield            |       |       |       |   327 ||   327
       Reflection        |       |       |       |     5 ||     5
       Rpst.: Scimitar   |       |       |       |     2 ||     2
